Map: Year Zero LE

Players

MaNa - Winner!

  • Race: Protoss Protoss
  • Spawn Location: 1:00

Kelazhur

  • Race: Terran Terran
  • Spawn Location: 11:00

Event: 2019 WCS Spring

VOD

Have the link to the VOD?

Description

Time

  • Played on: May 18, 2019, 6:17 a.m.
  • Length: 11:43

All games in this series

Show
View Real Time Build Order
Export as new Build Order

MaNa Protoss - Winner!

Build Orders: 1 Gate Expand, Oracle Opening, Phoenix Opening 

Get SALT Encoding   

  12  0:00  Probe  
  13  0:12  Probe  
  14  0:18  Pylon  
  14  0:24  Probe  
  15  0:32  Probe  
  15  0:37  Gateway  
  15  0:40  Probe  
  16  0:48  Assimilator  
  17  0:51  Probe  
  18  1:03  Probe  
  19  1:15  Probe  
  20  1:25  Cybernetics Core  
  20  1:34  Nexus  
  20  1:40  Pylon  
  20  1:43  Probe  
  21  1:48  Assimilator  
  21  1:52  Adept  
  21  1:55  Probe  
  22  2:08  Probe  
  25  2:18  Stalker  
  25  2:19  Stargate  
  25  2:20  Probe  
  28  2:32  Probe  
  29  2:38  Warp Gate  
  30  2:44  Probe  
  30  2:47  Probe  
  33  2:56  Probe  
  33  2:58  Adept  
  34  2:59  Probe  
  34  3:00  Oracle  
  35  3:08  Probe  
  35  3:11  Probe  
  40  3:20  Probe  
  40  3:22  Gateway  
  40  3:23  Probe  
  40  3:24  Gateway  
  42  3:28  Phoenix  
  42  3:31  Pylon  
  42  3:38  Probe  
  42  3:39  Probe  
  46  3:46  Pylon  
  46  3:50  Probe  
  46  3:51  Probe  
  46  3:55  Assimilator  
  48  3:56  Assimilator  
  48  3:59  Phoenix  
  48  4:02  Probe  
  51  4:03  Probe  
  51  4:09  Pylon  
  52  4:14  Probe  
  52  4:15  Probe  
  54  4:24  Phoenix  
  54  4:26  Probe  
  54  4:27  Probe  
  58  4:37  Probe  
  56  4:39  Probe  
  55  4:45  Probe  
  55  4:47  Probe  
  55  4:49  Phoenix  
  59  4:53  Probe  
  59  4:55  Probe  
  61  5:05  Probe  
  59  5:08  Nexus  
  59  5:13  Robotics Facility  
  59  5:16  Probe  
  59  5:17  Probe  
  61  5:29  Twilight Council, Forge  
  61  5:31  Probe x2  
  59  5:43  Probe  
  59  5:46  Phoenix  
  59  5:47  Probe  
  63  5:54  Pylon x2  
  63  5:55  Probe  
  64  6:00  Probe  
  65  6:04  Protoss Ground Armor Level 1  
  65  6:05  Charge  
  65  6:07  Observer, Probe, Templar Archives  
  67  6:13  Zealot, Sentry, Probe  
  72  6:23  Gateway x2  
  72  6:32  Immortal  
  76  6:34  Probe x2  
  76  6:36  Psionic Storm, Probe  
  79  6:41  Gateway  
  79  6:49  Gateway  
  79  6:53  Gateway  
  79  6:55  High Templar  
  79  6:58  Gateway  
  81  7:01  Gateway  
  81  7:03  Probe  
  81  7:04  Probe  
  81  7:05  Probe  
  84  7:12  High Templar  
  84  7:13  Warp Prism  
  86  7:16  Pylon  
  86  7:20  Probe x2  
  86  7:22  Zealot, High Templar  
  90  7:23  Zealot  
  94  7:30  Pylon  
  94  7:31  Pylon  
  94  7:35  Zealot, High Templar  
  97  7:38  Pylon  
  97  7:40  Assimilator, Pylon  
  97  7:45  Pylon  
  97  7:49  Probe x2  
  99  7:55  Zealot x5  
  109  7:59  Probe  
  109  8:01  High Templar, Probe x2  
  114  8:06  Protoss Ground Weapons Level 1  
  112  8:14  Stalker x3  
  112  8:15  Stalker, Zealot  
  122  8:33  Zealot x5  
  132  8:37  Zealot x5  
  142  8:47  Pylon  
  142  8:51  Pylon  
  142  8:52  Pylon  
  142  8:54  Pylon  
  124  8:58  Zealot x2  
  124  8:59  Zealot x4  
  126  9:03  Archon  
  118  9:13  High Templar x4  
  118  9:14  Immortal  
  124  9:18  Archon  
  124  9:20  Archon  
  114  9:27  Zealot x6  
  108  9:40  Blink  
  108  9:44  Warp Prism  
  92  9:49  Zealot  
  92  9:50  Zealot x7  
  102  9:53  High Templar x2  
  108  10:15  Sentry  
  108  10:16  Stalker x5  
  120  10:30  Zealot  
  120  10:31  Zealot x3  
  128  10:37  Nexus, High Templar  
  128  10:38  High Templar  
  128  10:41  Pylon  
  130  11:00  Zealot x5  
  130  11:01  Zealot x3  
  118  11:13  Archon  
  114  11:25  Stalker x4, Zealot x3  
  110  11:26  Zealot x3  
Show
View Real Time Build Order
Export as new Build Order

Kelazhur Terran 

Build Orders: Gas First Reaper Expand 

Get SALT Encoding   

  12  0:00  SCV  
  13  0:12  SCV  
  14  0:17  Supply Depot  
  14  0:24  SCV  
  15  0:29  Refinery  
  15  0:39  SCV  
  16  0:45  Barracks  
  16  0:51  SCV  
  17  1:03  SCV  
  18  1:15  SCV  
  19  1:32  Reaper, Orbital Command  
  20  1:45  Command Center  
  20  1:59  Factory  
  20  2:01  SCV  
  21  2:07  Barracks Reactor  
  21  2:13  SCV  
  22  2:17  Supply Depot  
  22  2:22  Refinery  
  22  2:25  SCV  
  23  2:39  SCV  
  24  2:46  Starport  
  28  2:51  Hellion x2  
  28  2:52  SCV  
  29  2:59  Orbital Command  
  29  3:04  SCV  
  32  3:13  Widow Mine x2  
  32  3:16  SCV  
  34  3:22  Medivac  
  37  3:29  Supply Depot  
  37  3:32  SCV  
  38  3:35  Widow Mine  
  38  3:36  Widow Mine  
  38  3:37  SCV  
  42  3:45  SCV  
  42  3:49  SCV  
  42  3:51  Barracks Tech Lab  
  43  3:57  SCV, Widow Mine x2  
  43  4:02  Viking  
  50  4:04  SCV  
  50  4:05  Supply Depot  
  51  4:13  SCV  
  51  4:16  SCV  
  50  4:25  SCV  
  50  4:31  SCV  
  48  4:34  Marine x2  
  48  4:35  Cyclone  
  48  4:37  SCV  
  54  4:39  Viking  
  54  4:40  Supply Depot  
  54  4:47  SCV  
  54  4:49  SCV  
  52  4:59  SCV  
  49  5:01  SCV  
  49  5:02  Marine x2  
  49  5:05  Supply Depot  
  52  5:08  Siege Tank  
  52  5:12  SCV  
  52  5:13  SCV  
  57  5:17  Command Center  
  57  5:25  SCV x2  
  57  5:26  Marine x2  
  60  5:37  SCV x2, Bunker  
  58  5:44  Marine x2  
  58  5:49  SCV x2  
  60  5:50  Engineering Bay  
  60  5:55  Siege Tank  
  63  5:58  Barracks  
  63  6:01  SCV  
  63  6:02  SCV, Starport Tech Lab  
  63  6:03  Marine x2  
  66  6:08  Refinery  
  66  6:09  Refinery  
  66  6:10  Supply Depot  
  66  6:13  SCV  
  66  6:14  SCV  
  66  6:17  Missile Turret  
  66  6:18  Terran Infantry Weapons Level 1  
  68  6:20  Missile Turret  
  68  6:25  SCV  
  69  6:29  SCV  
  69  6:31  Starport Reactor  
  69  6:32  Barracks  
  70  6:33  Factory Reactor  
  70  6:37  SCV, Orbital Command  
  70  6:38  Marine  
  70  6:39  Stimpack  
  72  6:48  Barracks  
  72  6:51  Barracks  
  72  6:55  Combat Shield  
  72  6:56  Marauder  
  72  6:57  Marauder  
  76  7:01  SCV x2  
  76  7:02  Orbital Command  
  76  7:03  Supply Depot  
  78  7:11  Medivac x2, Widow Mine x2  
  86  7:16  SCV  
  86  7:20  Marauder, Marine x2  
  86  7:21  Marauder, SCV  
  93  7:28  SCV  
  94  7:32  Widow Mine x2  
  94  7:33  SCV x2  
  94  7:35  Missile Turret  
  94  7:36  Supply Depot  
  100  7:39  Barracks Tech Lab  
  100  7:40  Barracks Reactor  
  100  7:42  SCV, Marine x2  
  105  7:44  Marauder  
  105  7:45  SCV  
  105  7:48  Marauder  
  105  7:50  SCV  
  109  7:57  Medivac x2  
  109  7:58  Widow Mine  
  115  8:00  Widow Mine  
  115  8:01  Supply Depot  
  117  8:12  Terran Infantry Armor Level 1  
  117  8:16  Supply Depot  
  117  8:22  SCV x2, Supply Depot, Marine x2, Marauder x2, Refinery  
  117  8:24  Liberator x2  
  117  8:26  Marine x2  
  124  8:28  Marauder  
  124  8:31  Widow Mine  
  124  8:32  Widow Mine  
  125  8:44  Marauder x2  
  125  8:46  Supply Depot  
  125  8:47  Supply Depot  
  135  8:52  Marauder, Supply Depot  
  121  8:56  Widow Mine x2  
  121  8:57  Marine x2  
  117  9:05  Marauder  
  117  9:06  Marauder  
  117  9:07  SCV  
  108  9:11  Marine x2  
  108  9:14  Marauder  
  108  9:15  Marine  
  101  9:18  Widow Mine x2  
  98  9:24  Medivac  
  98  9:27  Marauder x2, Marine  
  98  9:28  Marine  
  96  9:37  Orbital Command  
  94  9:39  Widow Mine  
  94  9:43  Marauder  
  94  9:45  Medivac  
  91  9:46  Widow Mine  
  91  9:49  SCV x2  
  93  9:54  Armory, Medivac  
  93  9:57  Marine x2  
  97  10:04  SCV x3  
  100  10:10  Marine  
  100  10:11  Marauder  
  103  10:16  SCV x3  
  103  10:17  Marine x2  
  103  10:20  Marauder  
  103  10:21  Widow Mine  
  112  10:25  Marauder  
  114  10:31  Liberator x2  
  114  10:32  Marauder, Marine x2  
  114  10:34  SCV x2  
  120  10:41  Marauder  
  122  10:44  Marine x2  
  122  10:46  Marauder, Widow Mine x2  
  136  10:57  Marauder  
  136  11:03  Marauder  
  133  11:07  Marauder  
  133  11:09  Widow Mine x2  
  125  11:14  SCV x2  
  125  11:16  Marine  
  97  11:18  Marine  
  97  11:19  Marauder  
  88  11:26  SCV x2  
Tags
 
Add a new tag
Caveats
  • Supply blocks, unpowered buildings, or Contaminate may cause inaccurate times.
  • Supply counts are checked every 10 seconds.